AoeStats
← goflb

Four Lakes

507566397Analyzed
1v1 RM · 15d ago on Sep 18, 2026· 73m 21s· 2 players
Game mode
Random Map
Map size
Tiny (2 player)
Population
200
Speed
Normal
Resources
Standard
Victory
Conquest
Starting age
Dark Age
Ending age
Imperial Age
RankedLock teamsTeams togetherTeam positionsShared explorationLock speedFull tech treeHidden civsTurbo modeCheats
Victory
Defeat
🇹🇷 Burgundians · Türkiye
1000
+45
🇵🇪 Persians · Peru
977
-15
EL-bart0
5:09 Loom
14:00 Feudal Age
14:22 Double-Bit Axe
17:21 Fishing Lines
21:18 Castle Age
20:58 Stone Mining
22:26 Town Watch
23:49 Town Patrol
25:09 Wheelbarrow
24:46 Gillnets
28:39 Bow Saw
31:33 Hand Cart
32:05 Padded Archer Armor
37:42 Gold Mining
43:40 Masonry
46:17 Imperial Age
44:45 Ballistics
49:14 Husbandry
48:35 Cavalier
50:17 Bloodlines
49:30 Light Cavalry
50:58 Scale Barding Armor
51:03 Forging
51:25 Forging
51:40 Conscription
52:09 Chain Barding Armor
53:21 Heavy Camel Rider
57:15 Plate Barding Armor
58:38 Iron Casting
69:00 Chemistry
goflb
5:00 Loom
11:55 Feudal Age
12:30 Double-Bit Axe
15:10 Forging
18:39 Wheelbarrow
18:11 Fletching
19:32 Forging
24:27 Castle Age
23:53 Scale Barding Armor
24:39 Padded Archer Armor
25:19 Bow Saw
24:45 Crossbowman
24:47 Light Cavalry
25:28 Husbandry
25:29 Bodkin Arrow
29:08 Hand Cart
29:37 Gold Mining
32:03 Stone Mining
32:50 Gold Shaft Mining
34:57 Imperial Age
32:51 Husbandry
34:22 Iron Casting
34:26 Burgundian Vineyards
34:09 Horse Collar
34:47 Squires
35:58 Stone Shaft Mining
35:50 Hand Cart
35:50 Town Watch
37:13 Bracer
38:00 Ballistics
39:25 Chain Barding Armor
40:49 Chemistry
42:00 Conscription
44:53 Blast Furnace
44:20 Cavalier
46:13 Plate Barding Armor
46:49 Paladin
51:27 Two-Man Saw
50:28 Heavy Plow
50:54 Clinker Construction
51:02 Medium Warships
50:56 Fishing Lines
52:34 Heavy Warships
54:24 Carvel Hull
54:16 Careening
54:04 Murder Holes
56:59 Hoardings
57:31 Guilds
58:18 Masonry
57:49 Treadmill Crane
58:31 Pikeman
59:49 Leather Archer Armor
59:34 Scale Mail Armor
64:23 Elite Cannon Galleon
64:24 Demolition Ship
64:58 Gillnets
71:37 Spies/Treason
Connection lost

Rejoining the realm…

Still unreachable

The connection could not be restored.

Session expired

The server has moved on; the page needs a fresh start.